 Dungeon Crawl Stone Soup version 0.28-a0-477-g0b43c73ce0 (webtiles) character file.

Game seed: 9003067450524909805

301 Kangaroobicon the Ruffian (level 6, 0/61 HPs)
             Began as a Troll Monk on Sept 17, 2021.
             Was a Priest of Okawaru.
             Slain by a thrashing horror (8 damage)
             ... on level 2 of the Abyss.
             The game lasted 00:26:22 (2098 turns).

Kangaroobicon the Ruffian (Troll Monk)              Turns: 2098, Time: 00:26:24

Health: 0/61       AC: 11    Str: 20    XL:     6   Next: 14%
Magic:  5/5        EV: 10    Int: 12    God:    Okawaru [***...]
Gold:   135        SH:  0    Dex: 14    Spells: 5/5 levels left

rFire   . . .      SeeInvis .   s - +0 flail (protect)
rCold   . . .      Faith    .   (no shield)
rNeg    . . .      Spirit   .   a - +0 robe
rPois   .          Reflect  .   (helmet restricted)
rElec   .          Harm     .   (no cloak)
rCorr   .          Rampage  .   (gloves unavailable)
Will    +....                   (boots unavailable)
Stlth   ++........              (no amulet)
HPRegen 1.20/turn               v - +6 ring of intelligence
MPRegen 0.09/turn               u - ring of willpower

@: under a protective aura
A: large, unfitting armour, claws 3, regeneration 1, shaggy fur 1, tough skin 1
a: Renounce Religion, Heroism


You were on level 2 of the Abyss.
You worshipped Okawaru.
Okawaru was most pleased with you.
You visited 1 branch of the dungeon, and saw 4 of its levels.
You visited the Abyss 1 time.

You collected 135 gold pieces.

Inventory:

Hand Weapons
 s - a +0 flail of protection (weapon)
Missiles
 c - 62 arrows
 i - 94 stones (quivered)
 t - 5 javelins
Armour
 a - a +0 robe (worn)
Jewellery
 b - a ring of wizardry
 u - a ring of willpower (right claw)
 v - a +6 ring of intelligence (left claw)
Wands
 o - a wand of charming (11)
Scrolls
 d - a scroll of blinking {unknown}
 f - 6 scrolls of identify {unknown}
 k - a scroll of amnesia {unknown}
 l - a scroll of fog {unknown}
 p - 2 scrolls of magic mapping {unknown}
 q - a scroll of summoning {unknown}
 r - 3 scrolls of teleportation {unknown}
Potions
 e - 2 potions of curing {unknown}
 g - a potion of lignification {unknown}
 h - a potion of attraction {unknown}
 j - 2 potions of heal wounds {unknown}
 m - a potion of haste {unknown}
 n - a potion of mutation {unknown}


   Skills:
 + Level 3.3 Fighting
 + Level 1.7 Maces & Flails
 + Level 1.3 Throwing
 + Level 3.2 Dodging
 + Level 1.3 Stealth
 + Level 4.6 Unarmed Combat


You had 5 spell levels left.
You didn't know any spells.
Your spell library contained the following spells:

 Spells                   Type           Power      Damage    Failure   Level
 Ensorcelled Hibernation  Hex/Ice        0%         N/A       45%         2
 Tukima's Dance           Hex            Unusable   N/A       N/A         3

Dungeon Overview and Level Annotations

Branches:
Dungeon (4/15)
 Temple: D:4-7

Altars:
Okawaru
Vehumet

Annotations:
D:4 Dowan, Duvessa, Robin


Innate Abilities, Weirdness & Mutations

You are too large for most types of armour.
You have claws for hands.
Your natural rate of healing is unusually fast.
You are covered in fur. (AC +1)
You have tough skin. (AC +1)


Message History

The large rock hits the thrashing horror!!
The thrashing horror is heavily damaged.
The thrashing horror tramples you but does no damage.
The thrashing horror misses you. The thrashing horror tramples you.
You stumble backwards!
You sock the thrashing horror!
Your weapon exudes an aura of protection.
The thrashing horror is lightly damaged.
The thrashing horror tramples you.
You stumble backwards!
The thrashing horror tramples you.
You stumble backwards!
Throw: large rock
Press: ? - help, Q - select action, (/) - cycle Shift-Dir - straight line, f/p - thrashing horror
Aim: a thrashing horror (heavily damaged, 59% to hit)
You throw a large rock.
The large rock hits the thrashing horror!!
The thrashing horror is almost destroyed.
The thrashing horror tramples you.
You hold your ground!
The thrashing horror tramples you.
You hold your ground!
The thrashing horror tramples you!
You stumble backwards!
You closely miss the thrashing horror.
The thrashing horror is lightly damaged.
The thrashing horror barely misses you.
The thrashing horror completely misses you.
You closely miss the thrashing horror.
The thrashing horror is lightly damaged.
The thrashing horror tramples you but does no damage.
The thrashing horror barely misses you. The thrashing horror tramples you!
You hold your ground!
The thrashing horror tramples you.
You hold your ground!
The thrashing horror tramples you!
* * * LOW HITPOINT WARNING * * *
You hold your ground!
The thrashing horror tramples you.
* * * LOW HITPOINT WARNING * * *
You hold your ground!
You hit the thrashing horror but do no damage.
Your weapon exudes an aura of protection.
You claw the thrashing horror.
The thrashing horror is lightly damaged.
You hear a roar!
The thrashing horror tramples you!
You die...

. . .. .. # #
# . . ## ## .
. ## . .#.. .
. ... .# ...
.. ... # .. ..
.## .... .# .
#..##. ...# ..
. .. .#. ###.#
.
......∩###@#.#
..# #.##
.#.#.##X.# #
.. ## .#.#.###
# . . .
..##X##.# . #
# .#.(#.## .
### .#.# # ##
# #.###.## .
#.#.. ## . #
.#.. #


You could see a thrashing horror.

Vanquished Creatures
  A scorpion (D:4)
  A water moccasin skeleton (D:4)
  A jelly (D:4)
  An orc wizard (D:4)
  A hound skeleton (D:4)
  3 adders
  2 worms
  2 dart slugs
  10 orcs
  9 ball pythons
  8 endoplasms
  6 giant cockroaches
  9 goblins
  5 hobgoblins
  3 kobolds
  2 quokkas
  2 bats
  3 frilled lizards (D:1)
  9 rats
78 creatures vanquished.

Notes
Turn   | Place    | Note
-------+----------+-------------------------------------------
     0 | D:1      | Kangaroobicon the Troll Monk began the quest for the Orb.
     0 | D:1      | Reached XP level 1. HP: 22/22 MP: 0/0
   226 | D:1      | Reached XP level 2. HP: 25/29 MP: 1/1
   485 | D:2      | Found a faded altar of an unknown god.
   492 | D:2      | Reached XP level 3. HP: 36/36 MP: 2/2
   504 | D:2      | Became a worshipper of Warmaster Okawaru
   504 | D:2      | Reached * piety under Okawaru
   504 | D:2      | Reached ** piety under Okawaru
   811 | D:2      | Reached *** piety under Okawaru
   959 | D:3      | Reached XP level 4. HP: 44/44 MP: 3/3
  1026 | D:3      | Reached skill level 4 in Unarmed Combat
  1360 | D:3      | Found a radiant altar of Vehumet.
  1360 | D:3      | Found an iron altar of Okawaru.
  1693 | D:4      | Noticed a scorpion
  1706 | D:4      | Killed a scorpion
  1707 | D:4      | Reached XP level 5. HP: 52/52 MP: 4/4
  1748 | D:4      | Reached skill level 1 in Throwing
  1876 | D:4      | Reached skill level 1 in Maces & Flails
  1995 | D:4      | Noticed Duvessa
  1995 | D:4      | Noticed Dowan
  1996 | D:4      | Noticed Robin
  2009 | D:4      | Reached XP level 6. HP: 56/61 MP: 5/5
  2016 | D:4      | Cast into level 2 of the Abyss (Duvessa)
  2038 | Abyss:2  | Noticed a raiju
  2057 | Abyss:2  | Noticed a golden eye
  2089 | Abyss:2  | Noticed a thrashing horror
  2090 | Abyss:2  | Noticed a thrashing horror
  2091 | Abyss:2  | Noticed a golden eye
  2098 | Abyss:2  | Slain by a thrashing horror

Illustrated notes

Levels and vault maps discovered:
D:1:      heliophobic_arrival_battle_scene, layout_basic, minmay_distorted
D:2:      layout_rooms, chequers_ecumenical_altar_simple_redux,
          chequers_serial_rivers_micro_a, minmay_misc_feat_cross, minivault_19,
          hangedman_feature_mirror, chequers_decorated_corner,
          corexii_item_surrounded_by_moat
D:3:      layout_basic, chequers_temple_overflow_statue_of_worship
D:4:      layout_basic, minmay_temple_entry_sparse_star, serial_shops, shop,
          uniq_duvessa, uniq_robin
Abyss:2:  base: Temple, hangedman_abyss_mock_shop

Skill      XL: |  1  2  3  4  5 |
---------------+----------------+-----
Dodging        | 3 |  3.2
Unarmed Combat | 4 |  4.6
Throwing       | 1 |  1.3
Fighting       | 3 |  3.3
Maces & Flails | 1 |  1.7
Stealth        | |  1.3

Action                   |  1- 3 |  4- 6 || total
-------------------------+-------+-------++-------
Melee: Unarmed           |   102 |    29 ||   131
       Punch             |     1 |     6 ||     7
       Flail             |       |    97 ||    97
Throw: Stone             |     5 |    39 ||    44
       Large rock        |       |     2 ||     2
 Stab: Sleeping          |     3 |     1 ||     4
Armor: Robe              |    27 |    80 ||   107
Dodge: Dodged            |    35 |    75 ||   110

Table legend: (Time is in decaauts)
 A = Elapsed time spent in this place.
 B = Non-inter-level travel time spent in this place.
 C = Inter-level travel time spent in this place.
 D = Time resting spent in this place.
 E = Time spent auto-exploring this place.
 F = Levels seen in this place.
 G = Mean time per level.
                   A        B        C        D        E       F      G
               +--------+--------+--------+--------+--------+-----+--------+
         Total |   2126 |   2126 |      0 |      0 |    146 |   5 |  425.2 |
       Dungeon |   2039 |   2039 |      0 |      0 |    146 |   4 |  509.8 |
         Abyss |     87 |     87 |      0 |      0 |      0 |   1 |   87.0 |
               +--------+--------+--------+--------+--------+-----+--------+

Top non-repeatable levels by time:
     D:3: 751 daAuts
     D:2: 480 daAuts
     D:1: 451 daAuts
     D:4: 355 daAuts
 Abyss:2: 87 daAuts
